 Dungeon Crawl Stone Soup version 0.24.0-37-gcf1ca852f1 (webtiles) character file.

Game seed: 16696868005814666579, levelgen mode: deterministic

119 theswoord the Skirmisher (level 4, 0/37 HPs)
             Began as a Demonspawn Monk on Nov 28, 2019.
             Succumbed to a scorpion's poison
             ... on level 3 of the Dungeon.
             The game lasted 00:05:44 (2670 turns).

theswoord the Skirmisher (Demonspawn Monk)          Turns: 2670, Time: 00:05:45

Health: 0/37       AC:  8    Str: 12    XL:     4   Next: 74%
Magic:  4/4        EV:  6    Int: 11    God:
Gold:   116        SH:  0    Dex: 16    Spells: 3/3 levels left

rFire    . . .     SeeInvis .     - Unarmed
rCold    . . .     Gourm    .   (no shield)
rNeg     . . .     Faith    .   o - +0 chain mail
rPois    .         Spirit   .   (no helmet)
rElec    .         Reflect  .   (no cloak)
rCorr    .         Harm     .   (no gloves)
MR       .....                  (no boots)
Stlth    ..........             (no amulet)
HPRegen  0.12/turn              (no ring)
MPRegen  0.09/turn              (no ring)

@: lethally poisoned (0 -> -8)
A: claws 1, talons 1, nightstalker 1
a: no special abilities


You were on level 3 of the Dungeon.
You were not hungry.

You visited 1 branch of the dungeon, and saw 4 of its levels.

You collected 116 gold pieces.

Inventory:

Hand Weapons
 a - a +0 hand axe
Armour
 b - a +0 robe
 h - a +0 ring mail
 o - a +0 chain mail (worn)
Scrolls
 e - a scroll of amnesia
 f - 5 scrolls of identify
 j - a scroll of enchant weapon {unknown}
 m - 2 scrolls of magic mapping
 n - a scroll of noise {unknown}
 q - a scroll of remove curse {unknown}
Comestibles
 c - 3 rations
 d - a chunk of flesh


   Skills:
 + Level 3.9 Fighting
 - Level 3.8 Axes
 - Level 2.6 Dodging
 - Level 1.7 Stealth
 + Level 2.0 Unarmed Combat


You had 3 spell levels left.
You didn't know any spells.
Your spell library was empty.

Dungeon Overview and Level Annotations

Branches:
Dungeon (4/15)
 Temple: D:4-7

Altars:
Ru
Xom


Innate Abilities, Weirdness & Mutations

You have sharp fingernails.
You have sharp toenails.
You are slightly more attuned to the shadows.


Message History

The scorpion stings you.
* * * LOW HITPOINT WARNING * * *
You scratch the scorpion.
The scorpion is severely wounded.
You feel sick.
You are no longer poisoned.
The scorpion barely misses you.
You scratch the scorpion but do no damage.
The scorpion is severely wounded.
The scorpion stings you.
* * * LOW HITPOINT WARNING * * *
You are lethally poisoned!
The scorpion poisons you!
You scratch the scorpion but do no damage.
The scorpion is severely wounded.
* * * LOW HITPOINT WARNING * * *
You feel sick.
You scratch the scorpion but do no damage.
The scorpion is severely wounded.
You die...

#..... ######## #.....
##......### ####..
##.........# ###...
#........#.# ####.....
#...(...##.####....#...
#..)...##...##.........
#.....##.....##.####...
#.....@s..⌠.....# #...
##....###...##### #..)
#.......#...# #...
#.......#.>.# #...
#.......#...# ####
#.....###...#####
#..(..'...⌠.....#######
##....##.....##..).....
##....##...#####......


You could see a scorpion.

Vanquished Creatures
  7 adders
  A leopard gecko (D:3)
  2 orcs (D:3)
  A ball python (D:1)
  4 bats
  3 giant cockroaches
  2 goblins
  6 hobgoblins
  3 jackals
  3 quokkas
  7 frilled lizards
  8 kobolds
  6 rats
53 creatures vanquished.

Notes
Turn   | Place    | Note
-------+----------+-------------------------------------------
     0 | D:1      | theswoord the Demonspawn Monk began the quest for the Orb.
     0 | D:1      | Reached XP level 1. HP: 18/18 MP: 1/1
   232 | D:1      | Gained mutation: You are slightly more attuned to the
                  | shadows. [demonic ancestry]
   232 | D:1      | Reached XP level 2. HP: 24/24 MP: 2/2
   607 | D:2      | Gained mutation: You have sharp toenails. [demonic
                  | ancestry]
   607 | D:2      | Reached XP level 3. HP: 28/29 MP: 3/3
  1761 | D:2      | Reached skill level 1 in Unarmed Combat
  1854 | D:3      | Gained mutation: You have sharp fingernails. [demonic
                  | ancestry]
  1854 | D:3      | Reached XP level 4. HP: 33/35 MP: 4/4
  1964 | D:3      | Found a shimmering altar of Xom.
  1981 | D:3      | Noticed an orc warrior
  2243 | D:3      | Found a sacrificial altar of Ru.
  2669 | D:3      | HP: 1/37 [poisoned by a scorpion]
  2670 | D:3      | Succumbed to a scorpion's poison

Skill      XL: |  1  2  3  4 |
---------------+-------------+-----
Axes           | 3 |  3.8
Unarmed Combat | 1 2 |  2.0
Fighting       | |  3.9
Dodging        | |  2.6
Stealth        | |  1.7

Action                   |  1- 3 |  4- 6 || total
-------------------------+-------+-------++-------
Melee: Hand axe          |    49 |       ||    49
       Unarmed           |    85 |    93 ||   178
       Kick              |    18 |    19 ||    37
       Punch             |       |     1 ||     1
  Use: Potion            |       |     4 ||     4
       Scroll            |       |     3 ||     3
 Stab: Sleeping          |     8 |     5 ||    13
  Eat: Chunk             |     3 |     3 ||     6
Armor: Robe              |     6 |       ||     6
       Ring mail         |    39 |    12 ||    51
       Chain mail        |       |    16 ||    16
Dodge: Dodged            |    89 |    46 ||   135

Levels and vault maps discovered:
D:1:      dpeg_arrival_rooms_b, layout_rooms, minmay_misc_feat_four_crosses
D:2:      layout_loops_ring
D:3:      layout_rooms, nicolae_ru_sacrificial_ziggurat,
          overflow_temple_1_default, first_ration, grunt_ministairs_15
D:4:      layout_rooms, minmay_a_box_with_orc_wizards_in_it
